[Event "GrandPrix_30.05"]
[Site "Chess.com"]
[Date "2020.05.30"]
[Round "8"]
[White "Jaka_Brilej"]
[Black "Nikame"]
[Result "1-0"]
[WhiteElo "2146"]
[BlackElo "2178"]
[TimeControl "600+2"]
[EndTime "11:56:11 PDT"]
[Termination "Jaka_Brilej won by resignation"]

1. e4 c5 2. Nf3 Nc6 3. d4 cxd4 4. Nxd4 Nf6 5. Nc3 d6 6. f3 e6 7. Be3 Be7 8. Qd2 a6 9. g4 Nd7 10. O-O-O Qc7 11. h4 b5 12. Nxc6 Qxc6 13. Kb1 Ne5 14.
Qf2 Bb7 15. Ne2 Rc8 16. Nd4 Qc7 17. g5 d5 18. exd5 Bxd5 19. Be2 Nc4 20. Bxc4 Qxc4 21. Nb3 a5 22. Bd4 a4 23. Nc1 O-O 24. Rhg1 Rfd8 25. Bb6 Rd6 26. Be3 Rdc6 27. Rd2 a3 28. b3 Qc3 29.
Bd4 Qa5 30. Nd3 Bd6 31. h5 Bxf3 32. g6 f6 33. gxh7+ Kf7 34. h6 g5 35. Qxf3 e5 36. Rf2 Bb8 37. Nxe5+ Bxe5 38. Bxe5 Qb6 39. Qd5+ Ke7 40.
Bd4 Rd6 41. Re1+ Kd7 42. Qf7+ 1-0

[Event "GrandPrix_30.05"]
[Site "Chess.com"]
[Date "2020.05.30"]
[Round "8"]
[White "Sunerorlater"]
[Black "WoodlandMagic"]
[Result "1-0"]
[WhiteElo "2272"]
[BlackElo "2117"]
[TimeControl "600+2"]
[EndTime "11:56:20 PDT"]
[Termination "Sunerorlater won by resignation"]

1. d4 d5 2. c4 c6 3. Nf3 Nf6 4. Nbd2 Bf5 5. Nh4 Be4 6. e3 e6 7. a3 Nbd7 8. Be2 h6 9. Nxe4 dxe4 10. g3 Bd6 11. Bd2 O-O 12. Bc3 Rc8 13. O-O Qe7 14. Qc2 c5 15. Rad1 Rfd8 16. Rfe1 Bb8 17. Bf1 a6 18. a4 Bd6 19. Qb3 Nb8 20. d5 g6 21.
Bxf6 Qxf6 22. Qxb7 exd5 23. Rxd5 Nc6 24. Red1 Ne7 25. R5d2 Qe5 26. Bg2 g5 27. Qxe4 Qxe4 28. Bxe4 Bc7 29. Nf3 Rxd2 30. Rxd2 Rd8 31. Rxd8+ Bxd8 32.
Ne5 Bc7 33. Nd7 Bd6 34. a5 Kg7 35. Bb7 Bc7 36. Nxc5 Bxa5 37. Nxa6 1-0

[Event "GrandPrix_30.05"]
[Site "Chess.com"]
[Date "2020.05.30"]
[Round "8"]
[White "switlave"]
[Black "Zubrrr"]
[Result "1-0"]
[WhiteElo "2334"]
[BlackElo "2490"]
[TimeControl "600+2"]
[EndTime "11:56:24 PDT"]
[Termination "switlave won by resignation"]

1. d4 f5 2. Bf4 Nf6 3. e3 d6 4.
Nf3 g6 5. h3 Bg7 6. Bc4 e6 7. g4 Qe7 8. Nc3 Nc6 9. gxf5 exf5 10. Qe2 Bd7 11. O-O-O O-O-O 12. h4 Na5 13. Bb5 Qf7 14.
d5 Nh5 15. Ng5 Qe7 16. Bxd7+ Qxd7 17. Qd3 Nxf4 18. exf4 c5 19. Rde1 a6 20. Ne6 Bf6 21. Nxd8 Qxd8 22. h5 b5 23. Nxb5 axb5 24. Qxb5 Rf8 25.
hxg6 hxg6 26. Rh7 1-0

[Event "GrandPrix_30.05"]
[Site "Chess.com"]
[Date "2020.05.30"]
[Round "8"]
[White "IwkooO"]
[Black "wnstop"]
[Result "0-1"]
[WhiteElo "2290"]
[BlackElo "2270"]
[TimeControl "600+2"]
[EndTime "11:56:42 PDT"]
[Termination "wnstop won by resignation"]

1. e4 c5 2. Nf3 Nc6 3. d4 cxd4 4. Nxd4 e5 5. Nb5 d6 6. c4 Be7 7. N1c3 a6 8. Na3 Be6 9. Nc2 Rc8 10. Be2 Nf6 11.
O-O Na5 12. b3 b5 13. Ne3 bxc4 14. bxc4 O-O 15. Qa4 Bd7 16. Qc2 Nc6 17. Bd3 Nd4 18.
Qd2 Bc6 19. Bb2 Nd7 20. Ncd5 Bg5 21. Qe1 Nc5 22. Rd1 Rb8 23. Bxd4 exd4 24. Nf5 Bxd5 25. cxd5 Bf6 26. Bc4 Re8 27. f3 Na4 28. Nxd4 Nb2 29. Nc6 Qb6+ 30. Kh1 Nxc4 31. Nxb8 Qxb8 32. Rb1 Qa7 33.
Qb4 Ne3 34. Rfc1 Qe7 35. Qb6 Bg5 36. Rc3 f5 37. Rxe3 Bxe3 38. Qxe3 fxe4 39. Re1 exf3 40. Qxe7 Rxe7 41. Rf1 f2 42. g3 Re1 43. Kg2 Rxf1 44.
Kxf1 Kf7 45. Kxf2 Kf6 46. Kf3 Ke5 47. Ke3 Kxd5 48. Kd3 Ke5 49. Ke3 d5 50. Kd3 d4 51.
h3 Kd5 52. a3 h5 53. g4 hxg4 54. hxg4 g5 0-1

[Event "GrandPrix_30.05"]
[Site "Chess.com"]
[Date "2020.05.30"]
[Round "8"]
[White "abraham1982"]
[Black "MAS_1704"]
[Result "1-0"]
[WhiteElo "2176"]
[BlackElo "2061"]
[TimeControl "600+2"]
[EndTime "11:56:45 PDT"]
[Termination "abraham1982 won by checkmate"]

1. e4 g6 2. d4 Bg7 3. c4 d6 4.
Nc3 e5 5. Nf3 Nc6 6. Be3 Bg4 7.
d5 Nce7 8. h3 Bxf3 9. gxf3 f5 10.
c5 f4 11. cxd6 fxe3 12. dxe7 exf2+ 13. Kxf2 Nxe7 14. Qa4+ c6 15. Rd1 Qb6+ 16. Kg3 Bh6 17. Qb3 Bf4+ 18. Kg2 g5 19. dxc6 Qxb3 20. axb3 Nxc6 21.
Bb5 a6 22. Bxc6+ bxc6 23. Rd6 Rb8 24. Rxc6 O-O 25. Rd1 Rxb3 26. Na4 Rb4 27. Rxa6 Be3 28. Rd7 Rf7 29. Rxf7 Kxf7 30. Kg3 h5 31. h4 Bf4+ 32. Kh3 Rb3 33. hxg5 Bxg5 34. Kg3 Bf4+ 35. Kh4 Rxf3 36. Kxh5 Rb3 37. Rb6 Rh3+ 38. Kg4 Rg3+ 39. Kh4 Re3 40. Nc3 Bg3+ 41. Kg4 Be1 42. Nd5 Rxe4+ 43. Kf5 Rd4 44.
Rb7+ Ke8 45. Ke6 Bh4 46. Rb8+ Bd8 47. Nc7+ Kf8 48. Kxe5 Rd2 49. Rxd8+ Rxd8 50. Ne6+ Ke7 51. Nxd8 Kxd8 52. Kd6 Kc8 53. Kc6 Kb8 54. Kb6 Kc8 55. b4 Kb8 56. b5 Ka8 57. Kc7 Ka7 58. b6+ Ka8 59. b7+ Ka7 60. b8=Q+ Ka6 61. Qb6# 1-0

[Event "GrandPrix_30.05"]
[Site "Chess.com"]
[Date "2020.05.30"]
[Round "8"]
[White "Pash2015"]
[Black "MikaelyanArman1996"]
[Result "1-0"]
[WhiteElo "2254"]
[BlackElo "2346"]
[TimeControl "600+2"]
[EndTime "11:56:48 PDT"]
[Termination "Pash2015 won by resignation"]

1. e4 c5 2. d4 cxd4 3. Nf3 Nc6 4. Bc4 Nf6 5. Qe2 d6 6. h3 g6 7. O-O Bg7 8. Rd1 e5 9. c3 O-O 10. cxd4 exd4 11. Nxd4 Re8 12. Nc3 Nxe4 13. Nxc6 Nxc3 14. Bxf7+ Kh8 15. bxc3 Rxe2 16. Nxd8 Bf5 17. Nxb7 Bxc3 18. Be3 Bxa1 19. Rxa1 Kg7 20. Bc4 Rc2 21. Nxd6 Bd7 22. Bb3 Rc7 23. Bd4+ Kf8 24. Ne4 Bf5 25. Ng5 Rd8 26.
Be3 Re8 27. Rd1 h6 28. Nf3 Kg7 29. Bd4+ Kh7 30. Bb2 Rd7 31. Rc1 Rde7 32. g4 Be4 33. Kg2 Rf8 34. Rc3 Rd7 35. Kg3 a5 36. Bc1 g5 37. Ne5 Rb7 38. Be3 Rd8 39. Bc2 Bxc2 40. Rxc2 Rd5 41. Nf3 a4 42. Rc6 Rb2 43. Rc7+ Kg8 44.
a3 Rb3 45. Ra7 Rxa3 46. Kg2 Ra2 47. Nd4 a3 48. Nf5 Kf8 49. Ra8+ Kf7 50. Nxh6+ Ke6 51.
Nf5 Ra1 52. Re8+ Kd7 53. Ra8 Rdd1 54. Bxg5 Rg1+ 55. Kf3 Rh1 56. h4 Kc6 57. h5 Kb7 58. Ra4 Rh2 59. h6 a2 60. Bh4 Rah1 61. Rxa2 Kc6 62.
Kg3 Rh3+ 63. Kf4 Kd5 64. h7 Rxh4 65. Nxh4 Rxh4 66. Ra5+ Ke6 67. Rh5 Rxh5 68. gxh5 1-0

[Event "GrandPrix_30.05"]
[Site "Chess.com"]
[Date "2020.05.30"]
[Round "8"]
[White "Haykos"]
[Black "Kiril1965"]
[Result "0-1"]
[WhiteElo "2263"]
[BlackElo "2475"]
[TimeControl "600+2"]
[EndTime "11:56:49 PDT"]
[Termination "Kiril1965 won on time"]

1. e4 e5 2. Nf3 Nc6 3. Bc4 Bc5 4.
c3 Nf6 5. O-O Nxe4 6. Bd5 Nf6 7.
Bxc6 dxc6 8. Nxe5 Be6 9. d4 Be7 10. Nd2 O-O 11. Ndf3 c5 12. Qe2 Re8 13. dxc5 Bxc5 14.
Be3 Bd6 15. Rfd1 Qc8 16. Rd4 Bf5 17. Nc4 Bf8 18. Qd2 c5 19. Nd6 Bxd6 20. Rxd6 Ne4 21.
Qd5 Nxd6 22. Qxd6 b6 23. Qg3 Qc6 24. h4 Qg6 25. Qh2 h6 26. h5 Qf6 27. Qg3 Rad8 28. a4 a5 29. Bf4 Qc6 30. Be5 f6 31. Bf4 Kh7 32. Nh4 Rd3 33. f3 Qd7 34. Kh2 Re2 35. b4 Rxc3 36. bxa5 bxa5 37. Ng6 Qe8 38. Nh4 Qxh5 39. Kg1 Rcc2 0-1

[Event "GrandPrix_30.05"]
[Site "Chess.com"]
[Date "2020.05.30"]
[Round "8"]
[White "SacrificeGod"]
[Black "NikolaN98"]
[Result "0-1"]
[WhiteElo "2236"]
[BlackElo "2212"]
[TimeControl "600+2"]
[EndTime "11:56:49 PDT"]
[Termination "NikolaN98 won by resignation"]

1. e4 e6 2. d4 d5 3. Nd2 Nf6 4. e5 Nfd7 5. Bd3 c5 6. c3 Nc6 7. Ngf3 Be7 8. O-O a5 9. a4 cxd4 10. cxd4 Nb4 11. Bb1 b6 12. Re1 Ba6 13. Nf1 b5 14.
Ng3 h5 15. Ne2 bxa4 16. Nf4 Nb6 17. Nd2 g6 18. b3 Rc8 19. bxa4 g5 20. Ne2 Qc7 21.
Nb3 Nc2 22. Bxc2 Qxc2 23. Bd2 Qxd1 24. Raxd1 Nxa4 25. Ra1 Nb2 26. Rxa5 Bc4 27. Nc5 O-O 28. Nd7 Rfd8 29. Nf6+ Bxf6 30. exf6 Bxe2 31. Rxe2 Rc2 32. Ra2 Kh7 33. Kf1 g4 34. Bf4 Rxe2 35. Kxe2 Nc4 36.
Ra7 Kg6 37. Be5 Rf8 38. f4 gxf3+ 39. Kxf3 Kf5 40. Bg3 Kxf6 41. Bh4+ Kg6 42. h3 Rb8 43. g4 Rb3+ 44. Kg2 hxg4 45. hxg4 Ne3+ 46. Kg1 Rb1+ 47. Kf2 Nxg4+ 48. Kg3 Nh6 49. Bd8 Nf5+ 50. Kf4 Nxd4 0-1

[Event "GrandPrix_30.05"]
[Site "Chess.com"]
[Date "2020.05.30"]
[Round "8"]
[White "SergeyVashchilov"]
[Black "OhanyanEminChess"]
[Result "0-1"]
[WhiteElo "2018"]
[BlackElo "2065"]
[TimeControl "600+2"]
[EndTime "11:56:50 PDT"]
[Termination "OhanyanEminChess won by resignation"]

1. e4 e5 2. Nf3 Nc6 3. d4 exd4 4.
Nxd4 Nf6 5. Nc3 Bb4 6. Nxc6 bxc6 7. Bd3 d5 8. exd5 cxd5 9. O-O O-O 10. h3 h6 11. Qf3 Be6 12. Bf4 c5 13. Rad1 Qe7 14.
Nb5 Rfd8 15. c3 Ba5 16. Rfe1 a6 17. Na3 Bc7 18. Bc1 Qd6 19. g4 h5 20. Rxe6 fxe6 21. g5 Ne4 22. Bxe4 Qh2+ 23. Kf1 dxe4 24. Rxd8+ Rxd8 25. Qxe4 Rd1+ 26. Ke2 Rxc1 27. Qxe6+ Kf8 28. Qf5+ Ke7 29. Nc4 Qh1 30. Qxc5+ Kd7 31. Qf5+ Kc6 32. Ne3 Kb7 33. Qf7 Qe4 34. Kd2 Rb1 35. Qb3+ Ka7 36. a4 Qb7 37. Qxb7+ Kxb7 38. Nf5 g6 39. Ne7 Rxb2+ 40.
Ke3 Bb6+ 41. Ke4 Re2+ 0-1

[Event "GrandPrix_30.05"]
[Site "Chess.com"]
[Date "2020.05.30"]
[Round "8"]
[White "Ave_Mariia"]
[Black "Keks2017"]
[Result "1/2-1/2"]
[WhiteElo "2201"]
[BlackElo "2289"]
[TimeControl "600+2"]
[EndTime "11:56:54 PDT"]
[Termination "Game drawn by stalemate"]

1. c4 g6 2. Nc3 Bg7 3. g3 Nf6 4. Bg2 O-O 5. Nf3 d6 6. O-O e5 7. d3 h6 8. Rb1 Nc6 9. b4 Be6 10.
b5 Ne7 11. Bb2 Qd7 12. Nd2 Rab8 13. Qa4 Nc8 14. Nd5 Nxd5 15. cxd5 Bh3 16. Qb3 Bxg2 17. Kxg2 h5 18. f4 Ne7 19. Ne4 Nf5 20. Rf3 Rbe8 21. Kh1 Nd4 22. Bxd4 exd4 23. Qc2 Re7 24. f5 gxf5 25.
Ng5 Rfe8 26. Rf2 Re5 27. Nh3 Bh6 28. Nf4 Bxf4 29. gxf4 Rxd5 30. Rg1+ Kf8 31. a4 c6 32.
Qc4 Re6 33. Rfg2 Ke7 34. Qa2 Rc5 35. Rg8 cxb5 36. axb5 Qxb5 37. h3 Qc6+ 38. R1g2 a5 39. Kh2 a4 40. Ra8 Rc2 41. Qxa4 Qxa4 42. Rxa4 Rexe2 43. Rxe2+ Rxe2+ 44. Kg1 Re3 45. Rxd4 Rxh3 46. Rb4 Rxd3 47. Rxb7+ Ke6 48. Kf2 h4 49. Rb8 h3 50.
Rh8 Ra3 51. Rh5 h2 52. Kg2 Ra2+ 53. Kh1 d5 54. Rh6+ Ke7 55. Re6+ Kd7 56. Rd6+ Kc7 57. Rc6+ Kb7 58. Rb6+ Ka7 59. Rb7+ Kxb7 1/2-1/2

[Event "GrandPrix_30.05"]
[Site "Chess.com"]
[Date "2020.05.30"]
[Round "8"]
[White "OK97"]
[Black "Hakob-Hakobyan-Arm"]
[Result "0-1"]
[WhiteElo "2293"]
[BlackElo "2213"]
[TimeControl "600+2"]
[EndTime "11:56:58 PDT"]
[Termination "Hakob-Hakobyan-Arm won on time"]

1. e4 Nc6 2. Nf3 d6 3. d4 Nf6 4. Nc3 g6 5. Be2 Bg7 6. O-O O-O 7. Bg5 Bg4 8. d5 Nb8 9. a4 c6 10. a5 a6 11. Qd2 cxd5 12. exd5 Bxf3 13. Bxf3 Nbd7 14.
Na4 Rc8 15. g3 Ne5 16. Bg2 Nc4 17. Qb4 h6 18. Bf4 g5 19. Bc1 Nd7 20. Bh3 f5 21.
Qe1 g4 22. Bg2 Nde5 23. b3 b5 24. axb6 Nxb6 25. Nxb6 Qxb6 26. Be3 Qb5 27. Ra5 Qe8 28. c4 Nf3+ 29. Bxf3 gxf3 30. Bf4 Qh5 31. Qd1 Be5 32. Bxe5 dxe5 33. d6 e4 34. dxe7 Qh3 35. exf8=Q+ Rxf8 36. Qd5+ Rf7 37. Qd8+ Kh7 0-1

[Event "GrandPrix_30.05"]
[Site "Chess.com"]
[Date "2020.05.30"]
[Round "8"]
[White "Forking_U"]
[Black "zuagroasta"]
[Result "1/2-1/2"]
[WhiteElo "2082"]
[BlackElo "1958"]
[TimeControl "600+2"]
[EndTime "11:56:59 PDT"]
[Termination "Game drawn by agreement"]

1. Nf3 d5 2. g3 g6 3. c4 e6 4. Bg2 Bg7 5. O-O Ne7 6. d4 O-O 7. Qc2 Nbc6 8. Rd1 Nf5 9. e3 a5 10. Nc3 dxc4 11. Na4 Nb4 12. Qe2 Nd3 13. Ne5 Nxe5 14. dxe5 Qe8 15. Qxc4 Bxe5 16. Nc5 Nd6 17. Qc2 Qb5 18. Nd3 Bf6 19. Qxc7 Ra6 20. Qc5 Bd7 21. Qxb5 Bxb5 22. Nc5 Rb6 23. a4 Rc8 24. axb5 Rxc5 25. Rxa5 Rbxb5 26. Rxb5 Nxb5 27. Bxb7 Rc2 28. Ba6 Bxb2 29. Bxb5 Rxc1 30. Rxc1 Bxc1 1/2-1/2

[Event "GrandPrix_30.05"]
[Site "Chess.com"]
[Date "2020.05.30"]
[Round "8"]
[White "weplaychess09"]
[Black "N4700000"]
[Result "0-1"]
[WhiteElo "2066"]
[BlackElo "2216"]
[TimeControl "600+2"]
[EndTime "11:57:16 PDT"]
[Termination "N4700000 won by checkmate"]

1. d4 Nf6 2. c4 g6 3. Nc3 Bg7 4. e4 O-O 5. Nf3 d6 6. Be2 e5 7. d5 a5 8. Bg5 Na6 9. Nd2 h6 10. Bh4 Qe8 11. O-O Bd7 12. b3 Nh7 13. a3 f5 14. f3 Bf6 15. Bf2 Qe7 16. Rb1 Bh4 17. b4 Bxf2+ 18. Rxf2 axb4 19. axb4 Qg5 20.
Nf1 Nf6 21. Qd2 f4 22. Qc2 Qh4 23. g3 Qh5 24. g4 Qh4 25. Rg2 h5 26. gxh5 Nxh5 27.
Bd3 Bh3 28. Rd2 g5 29. Qd1 Rf7 30. Be2 Rg7 31. Qe1 Nxb4 32. Rdb2 Na6 33. Rxb7 Nc5 34. Rb8+ Rxb8 35. Rxb8+ Kh7 36. Qf2 Nf6 37. Qxh4+ gxh4+ 38. Kf2 Nfd7 39. Ra8 Nb6 40. Ra7 Nb3 41. Nb5 Rg2+ 42. Ke1 Nc1 43. Rxc7+ Kh6 44. c5 Rxe2+ 45. Kd1 dxc5 46.
Rc6+ Kg5 47. Rxb6 Bxf1 48. Kxc1 Rxh2 49. d6 Bxb5 50. Rxb5 Kf6 51. d7 Ke7 52. Rxc5 Kxd7 53. Rxe5 h3 54. Rh5 Ke6 55. Kb1 Kf6 56. Rf5+ Kg6 57.
Rxf4 Rg2 58. Rh4 h2 59. Kc1 Rg1+ 60. Kd2 h1=Q 61. Rxh1 Rxh1 62. Ke3 Kf6 63. f4 Rh3+ 64.
Ke2 Ke6 65. Kf2 Ra3 66. Ke2 Kd6 67. Kf2 Kc5 68. f5 Kd4 69. f6 Kxe4 70. f7 Rf3+ 71. Ke2 Rxf7 72. Kd2 Rc7 73. Ke2 Rc2+ 74. Kd1 Rh2 75.
Ke1 Kd3 76. Kf1 Ke3 77. Kg1 Ra2 78. Kf1 Rb2 79. Kg1 Kf3 80. Kh1 Kg3 81. Kg1 Rb1# 0-1

[Event "GrandPrix_30.05"]
[Site "Chess.com"]
[Date "2020.05.30"]
[Round "8"]
[White "Malysch"]
[Black "Korchmar_Vasiliy"]
[Result "1/2-1/2"]
[WhiteElo "2302"]
[BlackElo "2148"]
[TimeControl "600+2"]
[EndTime "11:57:23 PDT"]
[Termination "Game drawn by repetition"]

1. d4 Nf6 2. c4 e6 3. g3 d5 4. Bg2 Bb4+ 5. Nd2 O-O 6. Nf3 dxc4 7. Qc2 a5 8. O-O b5 9. a4 c6 10. b3 cxb3 11. Nxb3 bxa4 12. Rxa4 Ba6 13. Rd1 Nbd7 14. Ne5 Bb5 15. Ra2 Nd5 16. Nxc6 Bxc6 17. Qxc6 Rc8 18. Bxd5 Rxc6 19. Bxc6 Nf6 20. Bd2 Qb6 21. Bf3 Nd5 22.
Nxa5 Bxd2 23. Rdxd2 Ra8 24. Nb3 Rxa2 25. Rxa2 g5 26. Ra8+ Kg7 27. Nc5 Qb4 28. Ra7 Qe1+ 29. Kg2 Nc3 30. Nxe6+ Kg6 31. Nf8+ Kg7 32. Ne6+ Kg6 33.
Nf8+ Kg7 34. Ne6+ 1/2-1/2

[Event "GrandPrix_30.05"]
[Site "Chess.com"]
[Date "2020.05.30"]
[Round "8"]
[White "chessdjw"]
[Black "Lavrov_Maxim"]
[Result "1-0"]
[WhiteElo "2197"]
[BlackElo "2196"]
[TimeControl "600+2"]
[EndTime "11:57:25 PDT"]
[Termination "chessdjw won by resignation"]

1. e4 e5 2. Nf3 Nc6 3. Bb5 a6 4. Ba4 Nf6 5. d3 b5 6. Bb3 Be7 7. a4 Rb8 8. axb5 axb5 9. c3 O-O 10. O-O d5 11. Nbd2 dxe4 12. dxe4 Bc5 13. Qe2 Nh5 14.
g3 Bg4 15. Ra6 Bb6 16. Re1 Ne7 17. Nf1 Ng6 18. Be3 Qf6 19. N1d2 h6 20. Bxb6 Rxb6 21. Rxb6 Qxb6 22. h3 Nxg3 23. Qe3 Qxe3 24. Rxe3 Bxf3 25. fxg3 Bh5 26. g4 Nf4 27. gxh5 Nxh5 28. Nf3 Re8 29. Rd3 Nf6 30. Kg2 g6 31. Bc2 Kg7 32. Rd1 g5 33. Ra1 Nh5 34. Ra5 Nf4+ 35. Kg3 c6 36. Ra7 Kf6 37.
Rc7 h5 38. Rxc6+ Re6 39. Rxe6+ Nxe6 40. h4 g4 41. Ne1 Nf4 42. Ng2 Ne2+ 43. Kf2 Nf4 44.
Ne3 Nh3+ 45. Kg3 Ng1 46. Bd3 Nf3 47. Bxb5 Nd2 48. Bd3 1-0

[Event "GrandPrix_30.05"]
[Site "Chess.com"]
[Date "2020.05.30"]
[Round "8"]
[White "khekhm"]
[Black "LANCELOT96"]
[Result "1/2-1/2"]
[WhiteElo "2437"]
[BlackElo "2284"]
[TimeControl "600+2"]
[EndTime "11:57:26 PDT"]
[Termination "Game drawn - insufficient material"]

1. e4 c6 2. d4 d5 3. Nc3 dxe4 4. Nxe4 e5 5. dxe5 Qa5+ 6. Bd2 Qxe5 7. Qe2 Bf5 8. f3 Bxe4 9. Qxe4 Qxe4+ 10. fxe4 Nd7 11. O-O-O O-O-O 12. Nf3 Bd6 13. Ng5 Nh6 14. Bc4 Ne5 15. Bb3 Be7 16. h4 Nhg4 17. Nxf7 Nxf7 18. Be6+ Kc7 19.
Bxg4 Ne5 20. Be2 Rd4 21. Bf3 Rhd8 22. Bc3 Rxd1+ 23. Bxd1 Bf6 24. g4 h6 25. Rf1 Re8 26.
Rf5 Nd7 27. Bxf6 Nxf6 28. e5 Nd5 29. c4 Nb4 30. Rf7+ Kb6 31. Rxg7 Rxe5 32. Kd2 Re4 33. c5+ Kxc5 34. Rxb7 Rd4+ 35. Ke1 Nd3+ 36. Kf1 Nxb2 37. Be2 Nc4 38. Kf2 Ne5 39. Rg7 a5 40. Ke3 Ra4 41. g5 Rxh4 42. g6 Rh2 43. Rg8 Nc4+ 44. Kf3 Ne5+ 45. Ke3 Nc4+ 46. Bxc4 Kxc4 47. Rc8 Rg2 48.
Rxc6+ Kb4 49. Kf3 Rg1 50. Kf4 Rg2 51. Kf5 Ka3 52. Ra6 a4 53. Kf6 h5 54. g7 h4 55. Kf7 Rxg7+ 56. Kxg7 h3 57. Rh6 Kxa2 58. Rxh3 a3 59. Kf6 Kb2 60. Ke5 a2 61. Rh2+ Kb1 62. Rh1+ Kb2 63. Rh2+ Kb1 64. Rxa2 Kxa2 1/2-1/2

[Event "GrandPrix_30.05"]
[Site "Chess.com"]
[Date "2020.05.30"]
[Round "8"]
[White "temus_galaktionov"]
[Black "ChessQueen"]
[Result "1-0"]
[WhiteElo "2591"]
[BlackElo "2395"]
[TimeControl "600+2"]
[EndTime "11:57:30 PDT"]
[Termination "temus_galaktionov won by resignation"]

1. d4 Nf6 2. Nf3 b6 3. g3 Bb7 4. Bg2 e6 5. c4 Be7 6. Nc3 O-O 7.
Qc2 c5 8. d5 exd5 9. Nh4 Nc6 10. cxd5 Nd4 11. Qd1 Ne8 12. e3 Bxh4 13. exd4 Bf6 14.
Be3 cxd4 15. Bxd4 Bxd4 16. Qxd4 Qe7+ 17. Kf1 Qf6 18. Rd1 Qxd4 19. Rxd4 Nd6 20. Bf3 Rfe8 21. Kg2 f5 22. a4 Rac8 23. Ra1 a5 24. Ra3 Ba6 25. Rb3 Re1 26. h4 Rb8 27. Rd1 Bf1+ 28. Kh2 Rxd1 29. Nxd1 Nc4 30. Rc3 Nd2 31. Bg2 Bxg2 32.
Kxg2 Kf7 33. Ne3 g6 34. Rc2 Ne4 35. Nc4 Kf6 36. f3 Nc5 37. Nxb6 Rxb6 38. Rxc5 Rxb2+ 39. Kh3 Ke5 40. Rxa5 Rd2 41. d6+ Kxd6 42. h5 Ke6 43.
Ra6+ d6 44. h6 Rd1 45. Ra7 Rh1+ 46. Kg2 Rxh6 47. a5 g5 48. a6 Rf6 49. Rxh7 Rf8 50.
a7 Ra8 51. Kf2 Kd5 52. Ke3 Kc5 53. Kd3 d5 54. Rg7 g4 55. f4 d4 56. Rf7 Kb6 57. Kxd4 Re8 58. Re7 1-0

[Event "GrandPrix_30.05"]
[Site "Chess.com"]
[Date "2020.05.30"]
[Round "8"]
[White "dzhumagaliev"]
[Black "Grandelicious"]
[Result "1-0"]
[WhiteElo "2334"]
[BlackElo "2471"]
[TimeControl "600+2"]
[EndTime "11:57:34 PDT"]
[Termination "dzhumagaliev won by resignation"]

1. Nf3 d5 2. h4 Nf6 3. h5 h6 4. d4 Bf5 5. c4 e6 6. Nc3 c6 7. Qb3 Qc8 8. Bf4 Be7 9. Rc1 O-O 10. e3 Nbd7 11. Be2 Nb6 12. Ne5 Nfd7 13. cxd5 exd5 14. a4 Nxe5 15. Bxe5 Qd7 16. a5 Nc8 17. Na4 Nd6 18.
Nc5 Qc7 19. O-O b6 20. e4 dxe4 21. Na6 Qb7 22. Qg3 Ne8 23. Nc7 f6 24. Ba6 Qxa6 25.
Nxa6 fxe5 26. dxe5 c5 27. axb6 axb6 28. Qb3+ Kh8 29.
Qxb6 Bg5 30. Qxc5 Rg8 31. Ra1 Rc8 32. Qb6 Rc2 33. Rad1 e3 34. fxe3 Re2 35. Rde1 Bxe3+ 36. Qxe3 Rxe3 37. Rxe3 1-0

[Event "GrandPrix_30.05"]
[Site "Chess.com"]
[Date "2020.05.30"]
[Round "8"]
[White "lilleper1"]
[Black "SuperFineHipster"]
[Result "1-0"]
[WhiteElo "2364"]
[BlackElo "2202"]
[TimeControl "600+2"]
[EndTime "11:57:42 PDT"]
[Termination "lilleper1 won by resignation"]

1. d4 Nf6 2. c4 e6 3. Nf3 b6 4. g3 Bb4+ 5. Bd2 Bxd2+ 6. Qxd2 Bb7 7. Bg2 d6 8. O-O Nbd7 9. Nc3 O-O 10. Qc2 Qe7 11. Rad1 Rfc8 12. e4 e5 13. Rfe1 Nf8 14. Nd5 Nxd5 15. exd5 f6 16. dxe5 fxe5 17. Nd4 Re8 18.
Nc6 Bxc6 19. dxc6 Qf6 20. Bd5+ Kh8 21. Qe4 Ne6 22. Bxe6 Rxe6 23. f4 Rae8 24. f5 R6e7 25. Rf1 Rf8 26. Rf2 Ref7 27. Rdf1 Qg5 28. Kg2 g6 29. h4 Qh5 30. f6 Qh6 31. Qg4 Qe3 32.
Rf3 Qc5 33. Qe4 b5 34. b3 bxc4 35. bxc4 Rb8 36. Rb3 Rb6 37. g4 Rf8 38. Rxb6 axb6 39. g5 Kg8 40. h5 gxh5 41. g6 Qd4 42. Qxd4 exd4 43. g7 Rf7 44. Kg3 d3 45. Kh4 d2 46.
Kg5 h4 47. Rd1 h3 48. Rxd2 1-0

[Event "GrandPrix_30.05"]
[Site "Chess.com"]
[Date "2020.05.30"]
[Round "8"]
[White "kostasam18"]
[Black "Vuk2000"]
[Result "1/2-1/2"]
[WhiteElo "2095"]
[BlackElo "2197"]
[TimeControl "600+2"]
[EndTime "11:57:53 PDT"]
[Termination "Game drawn by repetition"]

1. e4 d5 2. exd5 Qxd5 3. Nc3 Qd6 4. d4 Nf6 5. Nf3 c6 6. h3 g6 7. Bd3 Nbd7 8. O-O Bg7 9. Re1 O-O 10. Be3 Nb6 11. Qd2 Re8 12. Ne5 Nbd5 13. Nxd5 Nxd5 14. Bh6 Bh8 15. c4 Nc7 16. c5 Qxd4 17. Re4 Qxe4 18. Bxe4 Bxe5 19. Bf4 Bxf4 20. Qxf4 Ne6 21. Qe5 Nf8 22. Rd1 Be6 23. Qc7 Rab8 24. b3 f6 25.
f4 Kf7 26. g4 Rec8 27. Qa5 f5 28. Bf3 a6 29. g5 Nd7 30. h4 Nf8 31. h5 gxh5 32.
Bxh5+ Ng6 33. Kf2 Bd5 34. Kg3 Rd8 35. Qc3 Be4 36. Rd4 Rxd4 37. Qxd4 a5 38. a3 Bd5 39. Qe5 Rf8 40. b4 axb4 41. axb4 Be4 42. Qc7 Ra8 43.
Qxb7 Ra3+ 44. Kf2 Ra2+ 45. Ke3 Ra3+ 46. Kd2 Rd3+ 47. Kc1 Rb3 48. Kd2 Rd3+ 49. Kc1 Rb3 50. Kd2 Rd3+ 1/2-1/2

[Event "GrandPrix_30.05"]
[Site "Chess.com"]
[Date "2020.05.30"]
[Round "8"]
[White "Gareth-Bale11"]
[Black "Pidzsy"]
[Result "0-1"]
[WhiteElo "2372"]
[BlackElo "2305"]
[TimeControl "600+2"]
[EndTime "11:58:04 PDT"]
[Termination "Pidzsy won by checkmate"]

1. d4 b6 2. c4 Bb7 3. Nc3 e6 4. a3 Nf6 5. Nf3 c5 6. d5 g6 7.
e4 Bg7 8. e5 Ng4 9. Bf4 exd5 10. h3 Nxe5 11. Nxe5 O-O 12. Be2 dxc4 13. O-O d5 14.
Bf3 Nc6 15. Bxd5 Nxe5 16. Bxb7 Nd3 17. Bxa8 Qxa8 18. Bh2 Nxb2 19. Qc2 Nd3 20. Rab1 Rd8 21. Nb5 a6 22. Nc7 Qe4 23. Rxb6 Bd4 24. Nxa6 Nxf2 25.
Qxe4 Nxe4+ 26. Kh1 Nf2+ 27. Rxf2 Bxf2 28. Rb8 Rxb8 29. Nxb8 c3 30. Bf4 Be1 31. Nc6 Bd2 32. Be5 f6 33. Bxf6 Kf7 34. Bh8 Ke6 35. Na5 Kd5 36.
Nb3 Kc4 37. Na5+ Kd3 38. Nb7 Be3 39. a4 Bd4 40. a5 c2 41. Nxc5+ Bxc5 42. Bb2 Bd4 43.
Bc1 Be3 44. Ba3 Kc3 45. a6 Kb3 46. Bc1 Bxc1 47. a7 Bf4 48. a8=Q c1=R# 0-1

[Event "GrandPrix_30.05"]
[Site "Chess.com"]
[Date "2020.05.30"]
[Round "8"]
[White "jacky72"]
[Black "Promacherr"]
[Result "1-0"]
[WhiteElo "2382"]
[BlackElo "2195"]
[TimeControl "600+2"]
[EndTime "11:58:04 PDT"]
[Termination "jacky72 won by resignation"]

1. d4 d5 2. c4 c6 3. cxd5 cxd5 4.
Bf4 Nc6 5. e3 Nf6 6. Nc3 a6 7. Bd3 Bg4 8. Nf3 e6 9. O-O Bd6 10.
Bxd6 Qxd6 11. h3 Bxf3 12. Qxf3 O-O 13. Rac1 Rac8 14. Qe2 e5 15. dxe5 Qxe5 16. Bb1 Rfe8 17.
Qd3 d4 18. exd4 Qxd4 19. Rfd1 Qh4 20. Qf5 g6 21. Qf3 Kg7 22. Re1 Rcd8 23. Rxe8 Rxe8 24.
Rd1 Qb4 25. Qxf6+ Kxf6 26. Nd5+ Kg7 27. Nxb4 Nxb4 28. Kf1 Re7 29. a3 Nc6 30. Ba2 Kf6 31.
Rd6+ Ke5 32. Rd5+ Kf6 33. f4 h5 34. g3 h4 35. gxh4 Re4 36. Rd7 Rxf4+ 37. Kg2 Ne5 38. Rxb7 Rd4 39. Kg3 Rd3+ 40. Kf4 Rd4+ 41. Ke3 Rxh4 42.
Rb6+ Kg5 43. Rxa6 f5 44. b4 Rxh3+ 45. Kd4 Nf3+ 46. Kc5 f4 47. b5 Ne5 48. Kd4 Nf3+ 49.
Kd5 Nd2 50. b6 Rd3+ 51. Kc6 Rc3+ 52. Kd7 Ne4 53. Ra5+ Rc5 54. b7 Nf6+ 55. Ke7 Rxa5 56. b8=Q Rf5 57. Be6 Ra5 58. Qb6 Nd5+ 59. Bxd5 Rxd5 60.
Qf6+ Kg4 61. Qxg6+ Rg5 62. Qe6+ Kg3 63. Qe1+ Kg2 64.
Kf6 Rg3 65. Qe2+ Kh3 66. Kf5 Rxa3 67. Qf1+ Kh2 68. Qxf4+ Rg3 69. Qf2+ Kh3 70. Qe2 Rg2 71.
Qh5+ Kg3 72. Qg4+ Kf2 73. Qf4+ Kg1 74. Qc1+ Kh2 75. Kf4 Rf2+ 76. Ke3 Rg2 77. Qe1 Rg3+ 78. Kf4 Rg2 79. Kf3 Ra2 80. Qh4+ Kg1 81. Qg5+ Kh2 82. Qh6+ Kg1 83. Qg7+ Kf1 84. Qc3 Rf2+ 85. Kg3 Rg2+ 86. Kh3 Rf2 87. Qd3+ Ke1 88. Qe3+ Kf1 89. Qe4 Re2 90.
Qc4 Ke1 91. Kg3 Re3+ 92. Kf4 Re2 93. Kf3 Rf2+ 94. Ke3 Rd2 95. Qb4 1-0